 Seeded DCSS version 0.30-a0-414-gcb31657 (webtiles) character file.

Game seed: 686183733357295708 (custom seed)

274 Geeful the Ducker (level 6, -6/30 HPs)
             Began as a Felid Reaver on Dec 5, 2022.
             Mangled by a kobold brigand
             ... wielding a +0 rapier of venom
              (11 damage)
             ... on level 3 of the Dungeon on Dec 7, 2022.
             The game lasted 00:23:03 (5935 turns).

Geeful the Ducker (Felid Reaver)                    Turns: 5935, Time: 00:23:03

Health: -6/30      AC:  2    Str:  5 (8)  XL:     6   Next: 3%
Magic:  10/10      EV: 20    Int: 14 (15) God:
Gold:   173        SH:  0    Dex: 15 (16) Spells: 8/9 levels left
                                        Lives:  0   Deaths: 2

rFire   . . .      SeeInvis +      - Unarmed
rCold   . . .      Faith    .    (shield unavailable)
rNeg    . . .      Spirit   .    (body armour unavailable)
rPois   .          Reflect  .    (helmet unavailable)
rElec   .          Harm     .    (cloak unavailable)
rCorr   .          Rampage  .    (gloves unavailable)
Will    .....                    (boots unavailable)
Stlth   +++.......               (no amulet)
HPRegen 0.25/turn                (no ring)
MPRegen 0.12/turn                (no ring)

@: lethally poisoned (-6 -> -10), quick
A: very small, claws 1, fangs 3, see invisible, speed 1, shaggy fur 2, stealthy
paws, no weapons or thrown items, no armour, multi-lived
a: no special abilities


You were on level 3 of the Dungeon.
You visited 1 branch of the dungeon, and saw 6 of its levels.

You collected 173 gold pieces.

Inventory:

Jewellery
 d - a ring of fire
Wands
 i - a wand of charming (1)
Scrolls
 a - a scroll of amnesia {unknown}
 j - 2 scrolls of immolation {unknown}
Potions
 b - a potion of degeneration
 f - a potion of flight {unknown}
 g - a potion of mutation {unknown}
 h - a potion of attraction
 k - a potion of ambrosia {unknown}


   Skills:
 + Level 4.9 Fighting
 + Level 6.5 Dodging
 + Level 6.3 Stealth
 + Level 5.5 Unarmed Combat
 - Level 2.0 Spellcasting
 - Level 2.6 Conjurations


You had 8 spell levels left.
You knew the following spells:

 Your Spells              Type           Power      Damage    Failure   Level
a - Kiss of Death         Conj/Necr      20%        2d7       14%         1

Your spell library contained the following spells:

 Spells                   Type           Power      Damage    Failure   Level
 Shock                    Conj/Air       20%        1d4       14%         1
 Momentum Strike          Conj/Tloc      10%        3d8       21%         2
 Ensorcelled Hibernation  Hex/Ice        2%         N/A       34%         2
 Hailstorm                Conj/Ice       5%         3d4       38%         3
 Stone Arrow              Conj/Erth      10%        3d7       38%         3
 Spider Form              Tmut/Pois      1%         N/A       56%         3
 Swiftness                Air            1%         N/A       56%         3
 Airstrike                Air            0%         2d(1-17)  93%         4
 Anguish                  Hex/Necr       0%         N/A       93%         4
 Lehudib's Crystal Spear  Conj/Erth      2%         10d2      100%        8
 Animate Armour           Summ/Erth      Unusable   N/A       N/A         4

Dungeon Overview and Level Annotations

Branches:
Dungeon (6/15)
 Temple: D:4-7

Altars:
Kikubaaqudgha
Nemelex Xobeh
Qazlal
Sif Muna
Xom
Yredelemnul

Shops:
D:3 (

Annotations:
D:3 2 transporters, exclusion: 2 downstairs, DrBrontosaurus's ghost, amateur FeRe; Menkaure
D:4 exclusion: downstairs
D:5 exclusions: ufetubus and 2 yaks
D:6 exclusion: 2 wights


Innate Abilities, Weirdness & Mutations

You have sharp claws.
You have razor-sharp teeth.
You have supernaturally acute eyesight. (SInv)
You cover ground quickly. (Speed+)
You are covered in thick fur. (AC +2)
Your paws help you pounce on unaware monsters.
You are incapable of wielding weapons or throwing items.
You cannot wear armour.
You gain extra lives every three experience levels.


Message History

You feel sick.
You scratch the kobold brigand but do no damage.
You feel sick. The kobold brigand barely misses you.
You claw the kobold brigand!
The kobold brigand is moderately wounded.
You feel sick. The kobold brigand misses you.
You completely miss the kobold brigand.
The kobold brigand is moderately wounded.
You feel sick.
The kobold brigand hits you with a +0 rapier of venom.
DrBrontosaurus's ghost ripples.
You closely miss the kobold brigand. Your bite misses the kobold brigand.
The kobold brigand is moderately wounded.
You feel sick.
You are no longer poisoned.
The kobold brigand completely misses you.
You miss the kobold brigand.
The kobold brigand is moderately wounded.
The kobold brigand hits you with a +0 rapier of venom!
You are poisoned.
You scratch the kobold brigand.
The kobold brigand is heavily wounded.
* * * LOW HITPOINT WARNING * * *
You feel very sick.
The kobold brigand completely misses you.
You claw the kobold brigand!
The kobold brigand is severely wounded.
* * * LOW HITPOINT WARNING * * *
You feel sick. The kobold brigand closely misses you.
You barely miss the kobold brigand.
The kobold brigand is severely wounded.
* * * LOW HITPOINT WARNING * * *
You feel sick. The kobold brigand closely misses you.
It was a potion of degeneration.
There was something very wrong with that liquid.
You feel weakened.
You feel dopey.
You feel clumsy.
* * * LOW HITPOINT WARNING * * *
You feel sick.
The kobold brigand hits you with a +0 rapier of venom!
You die...

≈≈........# #.##..#####
.≈.######.# #.##.##.8.##
.≈.# #.# #.##.#K....# .≈.#
#.# #....'.###..#
.≈.######.#####.#..K.....?#
.≈.##......<....##WKK###.$#
.≈.<..###...##.###.#KK...#
#.≈#### ###.#...##W##K8.##
#.≈# #.#...@KK.##### #.≈#
#.#.).######.# #.≈# #.#####
#.# #.≈# #.##########.#
#.≈# #............#
..≈########.#########..#
≈≈≈.........# ###...##
.#.########## #......# ...#
#.#...##


You could see a kobold brigand, DrBrontosaurus's ghost and 5 kobolds.

Vanquished Creatures
  2 water moccasins
  A black bear (D:4)
  An ogre (D:4)
  A scorpion (D:4)
  A howler monkey (D:3)
  A hound (D:3)
  4 jellies
  3 iguanas
  Ijyb (D:5)
  4 gnolls (D:4)
  11 adders
  An ufetubus (D:5)
  2 worms
  6 dart slugs
  5 orcs
  6 ball pythons
  6 endoplasms
  2 giant cockroaches
  10 goblins
  4 hobgoblins
  10 jackals
  8 quokkas
  4 bats
  4 frilled lizards
  6 kobolds
  24 rats
128 creatures vanquished.

Vanquished Creatures (others)
  3 fungi
  2 plants (D:3)
5 creatures vanquished.

Grand Total: 133 creatures vanquished

Notes
Turn   | Place    | Note
-------+----------+-------------------------------------------
     0 | D:1      | Geeful the Felid Reaver began the quest for the Orb.
     0 | D:1      | Reached XP level 1. HP: 9/9 MP: 4/4
   356 | D:1      | Reached skill level 1 in Stealth
   360 | D:1      | Reached XP level 2. HP: 13/13 MP: 6/6
   413 | D:1      | Upgraded the game from 0.30-a0-393-g54b8e3b to
                  | 0.30-a0-414-gcb31657
   859 | D:1      | Reached XP level 3. HP: 10/13 MP: 7/7
  1752 | D:2      | Reached XP level 4. HP: 20/20 MP: 8/8
  2250 | D:3      | Found a shimmering blue altar of Sif Muna.
  2251 | D:3      | Found a sparkling altar of Nemelex Xobeh.
  2289 | D:3      | Found a runed translucent gate.
  2289 | D:3      | Found a runed translucent gate.
  2289 | D:3      | Found a runed translucent gate.
  2289 | D:3      | Noticed DrBrontosaurus's ghost (amateur FeRe)
  2292 | D:3      | Noticed a kobold brigand
  2361 | D:3      | Found a transporter.
  2372 | D:3      | Found a faded altar of an unknown god.
  2397 | D:3      | Noticed a phantom
  2398 | D:3      | Found a transporter.
  2398 | D:3      | Found a basalt altar of Yredelemnul.
  2402 | D:3      | Noticed Menkaure
  2409 | D:3      | Found an ancient bone altar of Kikubaaqudgha.
  2664 | D:3      | Reached XP level 5. HP: 24/24 MP: 9/9
  2835 | D:3      | Found Jorrih's Weapon Shop.
  3380 | D:4      | Noticed a water moccasin
  3468 | D:4      | Noticed a black bear
  3475 | D:4      | Noticed an ogre
  3482 | D:3      | Gained mutation: You are covered in thick fur. (AC +2)
                  | [Felid growth]
  3482 | D:3      | Reached XP level 6. HP: 16/28 MP: 10/10
  3583 | D:4      | Killed a water moccasin
  3584 | D:4      | Reached skill level 5 in Dodging
  3712 | D:4      | Reached skill level 5 in Stealth
  3712 | D:4      | Reached XP level 7. HP: 32/32 MP: 11/11
  3883 | D:4      | Reached skill level 5 in Unarmed Combat
  4089 | D:4      | Found a stormy altar of Qazlal.
  4224 | D:5      | Entered Level 5 of the Dungeon
  4224 | D:5      | Noticed a yak
  4224 | D:5      | Noticed a yak
  4224 | D:5      | Noticed a yak
  4443 | D:5      | Noticed Ijyb
  4500 | D:5      | Killed Ijyb
  4656 | D:5      | Found a shimmering altar of Xom.
  5250 | D:5      | HP: 1/33 [poisoned by a water moccasin]
  5251 | D:5      | Succumbed to a water moccasin's poison
  5252 | D:5      | Reached XP level 6. HP: 0/30 MP: 10/10
  5339 | D:5      | Reached XP level 7. HP: 25/33 MP: 11/11
  5809 | D:6      | Slain by an ice beast
  5810 | D:6      | Reached XP level 6. HP: -4/30 MP: 10/10
  5935 | D:3      | Mangled by a kobold brigand

Illustrated notes

Levels and vault maps discovered:
D:1:      dpeg_cavernosity, layout_basic
D:2:      layout_loops_corners
D:3:      layout_loops_ring, nicolae_overflow_squiral,
          gammafunk_temple_of_torment, serial_shops, nicolae_shop_statue_plus,
          gammafunk_ghost_nasty_kobolds, basic_ecumenical_altar, minmay_rat_hole
D:4:      layout_loops_ring, nicolae_qazlal_general_emergency
D:5:      layout_basic, mainiacjoe_overflow_small_starburst, serial_rivers,
          chequers_serial_rivers_micro_a, chequers_serial_rivers_large_b,
          chequers_serial_rivers_small_b, chequers_serial_rivers_marsh,
          chequers_serial_rivers_micro_c, chequers_serial_rivers_large_a,
          amethyst_killhole, uniq_ijyb
D:6:      layout_basic

Skill      XL: |  1  2  3  4  5  6  7 |
---------------+----------------------+-----
Dodging        | 3 4 5 6 |  6.5
Stealth        | 1 2 3 4 5 6 |  6.3
Fighting       | 3 4 |  4.9
Unarmed Combat | 4 5 |  5.5
Spellcasting   | |  2.0
Conjurations   | |  2.6

Action                   |  1- 3 |  4- 6 |  7- 9 || total
-------------------------+-------+-------+-------++-------
Melee: Unarmed           |   108 |   168 |   127 ||   403
       Bite              |    13 |    16 |    13 ||    42
       Punch             |     1 |     4 |     8 ||    13
 Cast: Kiss of Death     |     3 |       |       ||     3
Evoke: Wand              |       |     9 |     7 ||    16
  Use: Scroll            |       |     6 |       ||     6
       Potion            |       |     2 |     5 ||     7
 Stab: Sleeping          |    10 |    12 |     5 ||    27
       Distracted        |     1 |       |       ||     1
Armor: Skin              |     3 |     6 |     6 ||    15
Dodge: Dodged            |    72 |   111 |    96 ||   279

Table legend: (Time is in decaauts)
 A = Elapsed time spent in this place.
 B = Non-inter-level travel time spent in this place.
 C = Inter-level travel time spent in this place.
 D = Time resting spent in this place.
 E = Time spent auto-exploring this place.
 F = Levels seen in this place.
 G = Mean time per level.
                   A        B        C        D        E       F      G
               +--------+--------+--------+--------+--------+-----+--------+
         Total |   5026 |   4693 |    333 |    279 |   3312 |   6 |  837.7 |
       Dungeon |   5026 |   4693 |    333 |    279 |   3312 |   6 |  837.7 |
               +--------+--------+--------+--------+--------+-----+--------+

Top non-repeatable levels by time:
     D:5: 1261 daAuts
     D:3: 1137 daAuts
     D:1: 971 daAuts
     D:2: 861 daAuts
     D:4: 696 daAuts
     D:6: 97 daAuts
